 Dungeon Crawl Stone Soup version 0.30-a0-137-gd8773701ce (webtiles) character file.

Game seed: 16487765822225745614

165 LnG the Sneak (level 5, -1/30 HPs)
             Began as a Kobold Summoner on Sept 23, 2022.
             Slain by a water moccasin (4 damage)
             ... on level 4 of the Dungeon.
             The game lasted 00:08:52 (3537 turns).

LnG the Sneak (Kobold Summoner)                     Turns: 3537, Time: 00:08:58

Health: -1/30      AC:  3    Str:  5    XL:     5   Next: 75%
Magic:  7/9        EV: 15    Int: 18    God:
Gold:   175        SH:  0    Dex: 16    Spells: 4/10 levels left

rFire   . . .      SeeInvis +    h - +0 dagger
rCold   . . .      Faith    .    (no shield)
rNeg    + . .      Spirit   .    a - +1 robe
rPois   .          Reflect  .    l - +1 hat {SInv}
rElec   .          Harm     .    (no cloak)
rCorr   .          Rampage  .    (no gloves)
Will    .....      Rage     3%   (no boots)
Stlth   ++++......               (no amulet)
HPRegen 0.10/turn                k - ring of positive energy
MPRegen 0.11/turn                (no ring)

@: lethally poisoned (-1 -> -10), attractive
A: small, no large weapons, nightstalker 3, berserk 1, deformed body, robust 1
a: no special abilities


You were on level 4 of the Dungeon.
You visited 1 branch of the dungeon, and saw 4 of its levels.

You collected 175 gold pieces.

Inventory:

Hand Weapons
 h - a +0 dagger (weapon)
Armour
 a - a +1 robe (worn)
 l - a +1 hat of see invisible (worn)
Jewellery
 k - a ring of positive energy (left hand)
Scrolls
 d - a scroll of noise {unknown}
 f - 2 scrolls of teleportation
 i - a scroll of butterflies {unknown}
 j - a scroll of summoning {unknown}
 m - 4 scrolls of identify {unknown}
 n - a scroll of poison {unknown}
 o - a scroll of torment {unknown}
 q - a scroll of fear {unknown}
Potions
 b - a potion of magic
 c - a potion of attraction
 e - a potion of mutation
 g - a potion of heal wounds {unknown}
 p - a potion of might {unknown}


   Skills:
 + Level 0.2 Fighting
 + Level 1.7 Short Blades
 + Level 3.0 Dodging
 * Level 5.3 Stealth
 + Level 3.0 Spellcasting
 + Level 4.7 Summonings


You had 4 spell levels left.
You knew the following spells:

 Your Spells              Type           Power      Damage    Failure   Level
a - Summon Small Mammal   Summ           76%        N/A       2%          1
b - Call Imp              Summ           19%        N/A       3%          2
c - Call Canine Familiar  Summ           19%        N/A       7%          3

Your spell library contained the following spells:

 Spells                   Type           Power      Damage    Failure   Level
 Freeze                   Ice            8%         1d3       16%         1
 Summon Guardian Golem    Hex/Summ       11%        N/A       19%         3
 Frozen Ramparts          Ice            4%         1d1       43%         3
 Ignite Poison            Fire/Tmut/Pois 2%         N/A       43%         3
 Portal Projectile        Hex/Tloc       4%         N/A       43%         3
 Tukima's Dance           Hex            2%         N/A       43%         3
 Summon Lightning Spire   Summ/Air       11%        N/A       52%         4
 Hailstorm                Conj/Ice       2%         3d3       85%         4
 Sticky Flame             Conj/Fire      2%         2d3       85%         4
 Blade Hands              Tmut           1%         N/A       99%         5
 Orb of Destruction       Conj           1%         9d5       100%        7
 Spellforged Servitor     Conj/Summ      5%         N/A       100%        7


Dungeon Overview and Level Annotations

Branches:
Dungeon (4/15)
 Temple: D:4-7

Altars:
Elyvilon

Shops:
D:3 [


Innate Abilities, Weirdness & Mutations

You are small and have problems with some larger weapons.
You are completely attuned to the shadows.
You sometimes lose your temper in combat.
Armour fits poorly on your strangely shaped body.
You are robust. (+10% HP)


Message History

The water moccasin misses you.
The water moccasin attacks as you move away!
The water moccasin bites you.
Your hound closely misses the water moccasin.
You closely miss the water moccasin.
The water moccasin bites you but does no damage.
Your hound completely misses the water moccasin.
The water moccasin barely misses you.
You miss the water moccasin.
Your hound barely misses the water moccasin.
The water moccasin bites you.
Your hound closely misses the water moccasin.
You hit the water moccasin.
The water moccasin is lightly wounded.
The water moccasin bites you!
Your hound completely misses the water moccasin.
You hit the water moccasin but do no damage.
The water moccasin is lightly wounded.
The water moccasin barely misses you.
Your hound barely misses the water moccasin.
You barely miss the water moccasin. Your punch misses the water moccasin.
The water moccasin is lightly wounded.
Your hound misses the water moccasin. The water moccasin bites you.
You are lethally poisoned!
The water moccasin poisons you!
Your hound barely misses the water moccasin.
The water moccasin bites you.
It was a potion of attraction.
You feel attractive to monsters.
* * * LOW HITPOINT WARNING * * *
You feel very sick.
Your hound closely misses the water moccasin.
The water moccasin closely misses you.
It was a potion of mutation.
You feel extremely strange.
Your body twists and deforms.
You feel a little pissed off.
You feel robust.
* * * LOW HITPOINT WARNING * * *
You feel sick.
Your hound barely misses the water moccasin.
The water moccasin bites you.
You die...

#......# #.#
#.###..####.# #[#
#.......##
#.###...##....
########...... #.###
.........###....#....
#...#.......#.....##
#.#.#########..##.#
#.S@..... ... #.#
###h##### ## #.# #.#
#.# #.# #.. #.#


You could see a water moccasin (ally target) and a friendly hound (summoned).

Vanquished Creatures
  6 adders
  A worm (D:3)
  2 orcs (D:3)
  3 ball pythons
  2 endoplasms
  2 giant cockroaches
  5 goblins
  A hobgoblin (D:1)
  3 kobolds
  4 quokkas
  3 bats
  4 frilled lizards
  2 rats
38 creatures vanquished.

Vanquished Creatures (collateral kills)
  Jessica (D:2)
  2 worms (D:2)
  A dart slug (D:1)
  3 orcs (D:3)
  A bat (D:1)
  An endoplasm (D:4)
  A goblin (D:1)
  6 hobgoblins
  4 quokkas
  5 ball pythons
  2 frilled lizards (D:1)
  2 kobolds
  2 rats
31 creatures vanquished.

Grand Total: 69 creatures vanquished

Notes
Turn   | Place    | Note
-------+----------+-------------------------------------------
     0 | D:1      | LnG the Kobold Summoner began the quest for the Orb.
     0 | D:1      | Reached XP level 1. HP: 10/10 MP: 3/3
   427 | D:1      | Reached XP level 2. HP: 15/15 MP: 3/5
   430 | D:1      | Learned a level 2 spell: Call Imp
  1108 | D:1      | Reached XP level 3. HP: 18/19 MP: 1/6
  1134 | D:1      | Reached skill level 3 in Stealth
  1231 | D:1      | Learned a level 3 spell: Call Canine Familiar
  1864 | D:2      | Reached skill level 1 in Short Blades
  1864 | D:2      | Reached XP level 4. HP: 24/24 MP: 8/8
  1972 | D:2      | Noticed Jessica
  1983 | D:2      | Killed Jessica
  1984 | D:2      | Reached skill level 4 in Stealth
  2042 | D:2      | You fall into a shaft and drop 2 floors!
  2386 | D:3      | Reached XP level 5. HP: 28/28 MP: 9/9
  3053 | D:3      | Reached skill level 5 in Stealth
  3284 | D:3      | Found a white marble altar of Elyvilon.
  3455 | D:3      | Found Putzuc's Antique Armour Emporium.
  3527 | D:4      | Noticed a water moccasin
  3537 | D:4      | Gained mutation: Armour fits poorly on your strangely
                  | shaped body. [potion of mutation]
  3537 | D:4      | Gained mutation: You sometimes lose your temper in combat.
                  | [potion of mutation]
  3537 | D:4      | Gained mutation: You are robust. (+10% HP) [potion of
                  | mutation]
  3537 | D:4      | Slain by a water moccasin

Illustrated notes

Levels and vault maps discovered:
D:1:      lemuel_arrival_muddy, layout_rooms, minmay_ruptured
D:2:      layout_loops_ring, guppyfry_early_orc_mine, uniq_natasha, uniq_jessica
D:3:      layout_basic, mainiacjoe_overflow_concentric_impassable, serial_shops,
          nicolae_shop_hallway_plus
D:4:      layout_basic, nemelex_xobeh_ov_fountains_minmay,
          minmay_temple_entry_slanted, minivault_27, uniq_blork_the_orc

Skill      XL: |  1  2  3  4  5 |
---------------+----------------+-----
Stealth        | 3 4 5 |  5.3
Short Blades   | 1 |  1.7
Spellcasting   | 3 |  3.0
Dodging        | 3 |  3.0
Fighting       | |  0.2
Summonings     | |  4.7

Action                   |  1- 3 |  4- 6 || total
-------------------------+-------+-------++-------
Melee: Unarmed           |     4 |       ||     4
       Dagger            |    82 |    84 ||   166
 Cast: Summon Small Mamm |    10 |       ||    10
       Call Imp          |     5 |     2 ||     7
       Call Canine Famil |     2 |     9 ||    11
  Use: Scroll            |     2 |       ||     2
       Potion            |       |     2 ||     2
 Stab: Sleeping          |     9 |    15 ||    24
       Distracted        |     1 |     1 ||     2
Armor: Robe              |    25 |    26 ||    51
Dodge: Dodged            |    73 |    74 ||   147

Table legend: (Time is in decaauts)
 A = Elapsed time spent in this place.
 B = Non-inter-level travel time spent in this place.
 C = Inter-level travel time spent in this place.
 D = Time resting spent in this place.
 E = Time spent auto-exploring this place.
 F = Levels seen in this place.
 G = Mean time per level.
                   A        B        C        D        E       F      G
               +--------+--------+--------+--------+--------+-----+--------+
         Total |   3533 |   3490 |     43 |   1200 |   1613 |   4 |  883.2 |
       Dungeon |   3533 |   3490 |     43 |   1200 |   1613 |   4 |  883.2 |
               +--------+--------+--------+--------+--------+-----+--------+

Top non-repeatable levels by time:
     D:1: 1442 daAuts
     D:3: 1119 daAuts
     D:2: 602 daAuts
     D:4: 370 daAuts
